Map: Golden Wall LE

Players

黑羽快斗 (ButAlways) - Winner!

  • Race: Protoss Protoss
  • League: Grandmaster
  • Spawn Location: 7:00

GogojOey

  • Race: Zerg Zerg
  • Spawn Location: 5:00

Event: DreamHack SC2 Masters 2020 Fall

VOD

https://youtu.be/9bTCB_BEZe4

Description

Time

  • Played on: Aug. 26, 2020, 8:58 a.m.
  • Length: 29:20

All games in this series

Show
View Real Time Build Order
Export as new Build Order

黑羽快斗 Protoss - Winner!

Build Orders: 1 Gate Expand, Carriers 

Get SALT Encoding   

  12  0:00  Probe  
  13  0:12  Probe  
  14  0:20  Pylon  
  14  0:24  Probe  
  15  0:38  Probe (Chrono Boost)  
  15  0:42  Gateway  
  16  0:47  Probe (Chrono Boost)  
  16  0:49  Assimilator  
  17  0:52  Probe  
  18  1:05  Probe  
  19  1:15  Pylon  
  19  1:17  Probe  
  20  1:31  Nexus  
  20  1:36  Cybernetics Core  
  20  1:39  Probe  
  21  1:45  Assimilator  
  21  1:51  Probe  
  22  1:55  Pylon  
  22  2:03  Probe  
  22  2:10  Adept (Chrono Boost)  
  24  2:16  Robotics Facility  
  24  2:18  Probe  
  24  2:22  Warp Gate  
  25  2:30  Probe  
  25  2:33  Stalker  
  28  2:42  Probe  
  28  2:43  Probe  
  30  2:54  Probe  
  30  2:55  Probe  
  32  3:03  Warp Prism (Chrono Boost)  
  32  3:09  Probe  
  35  3:13  Probe (Chrono Boost)  
  34  3:22  Gateway  
  34  3:24  Probe (Chrono Boost)  
  34  3:27  Probe (Chrono Boost)  
  36  3:32  Observer  
  38  3:34  Probe (Chrono Boost)  
  38  3:36  Probe (Chrono Boost)  
  38  3:39  Probe (Chrono Boost)  
  40  3:41  Probe (Chrono Boost)  
  40  3:45  Stargate  
  41  3:50  Stargate  
  41  3:52  Probe  
  43  3:56  Pylon  
  43  4:00  Pylon  
  43  4:01  Probe  
  43  4:05  Probe  
  43  4:07  Assimilator  
  44  4:10  Assimilator  
  44  4:13  Probe  
  45  4:17  Probe  
  46  4:25  Adept x2, Probe  
  46  4:29  Probe  
  52  4:32  Void Ray x2 (Chrono Boost)  
  59  4:53  Adept  
  59  4:56  Pylon  
  60  5:06  Void Ray (Chrono Boost)  
  60  5:09  Shield Battery  
  60  5:11  Shield Battery  
  60  5:16  Void Ray (Chrono Boost), Probe x2  
  70  5:22  Pylon  
  70  5:35  Nexus  
  70  5:39  Void Ray  
  70  5:40  Probe  
  70  5:41  Observer  
  70  5:42  Probe  
  73  5:43  Observer  
  77  5:54  Probe  
  78  6:02  Fleet Beacon  
  78  6:06  Protoss Air Weapons Level 1  
  78  6:07  Pylon  
  78  6:12  Probe  
  78  6:19  Void Ray  
  78  6:25  Probe x2  
  78  6:26  Observer  
  78  6:30  Forge  
  78  6:31  Pylon  
  85  6:34  Assimilator  
  85  6:36  Unknown  
  85  6:37  Assimilator, Probe  
  86  6:40  Void Ray  
  86  6:46  Probe  
  91  6:47  Probe  
  91  6:50  Probe  
  93  6:58  Probe  
  93  6:59  Probe  
  95  7:01  Stargate  
  95  7:02  Void Ray, Probe  
  100  7:10  Probe  
  100  7:11  Probe  
  100  7:14  Probe, Pylon  
  104  7:22  Probe  
  104  7:23  Probe  
  104  7:24  Adept x2  
  104  7:26  Void Ray (Chrono Boost)  
  109  7:36  Photon Cannon  
  112  7:38  Void Ray (Chrono Boost)  
  116  7:54  Photon Cannon  
  116  7:57  Shield Battery  
  116  7:58  Photon Cannon  
  114  7:59  Photon Cannon  
  114  8:01  Observer  
  115  8:06  Shield Battery  
  115  8:24  Pylon  
  115  8:25  Pylon x2  
  115  8:27  Pylon  
  115  8:35  Shield Battery  
  115  8:36  Void Ray x2 (Chrono Boost)  
  115  8:37  Photon Cannon  
  115  8:40  Carrier (Chrono Boost)  
  129  8:49  Adept x2  
  129  8:52  Protoss Air Weapons Level 2 (Chrono Boost)  
  127  9:08  Observer  
  127  9:10  Void Ray x2 (Chrono Boost)  
  135  9:17  Stargate  
  135  9:20  Twilight Council  
  135  9:24  Sentry  
  136  9:31  Void Ray (Chrono Boost)  
  136  9:36  Nexus  
  136  9:37  Void Ray x2 (Chrono Boost)  
  140  9:45  Photon Cannon  
  140  9:49  Shield Battery  
  148  9:53  Photon Cannon  
  148  9:57  Pylon  
  148  10:00  Assimilator  
  148  10:04  Assimilator  
  148  10:06  Probe  
  149  10:15  Void Ray (Chrono Boost), Probe  
  149  10:19  Pylon  
  154  10:21  Pylon  
  154  10:28  Shield Battery, Void Ray x2 (Chrono Boost)  
  154  10:29  Shield Battery  
  154  10:30  Void Ray (Chrono Boost), Photon Cannon  
  154  10:34  Templar Archives  
  166  10:43  Pylon  
  166  10:44  Pylon  
  166  10:58  Void Ray (Chrono Boost)  
  140  11:05  Void Ray (Chrono Boost)  
  140  11:06  Void Ray (Chrono Boost)  
  140  11:07  Void Ray (Chrono Boost)  
  115  11:25  Shield Battery  
  109  11:33  Stargate  
  109  11:34  Zealot x2, Void Ray (Chrono Boost)  
  109  11:35  Gateway  
  109  11:37  Gateway  
  117  11:42  Void Ray (Chrono Boost)  
  103  11:49  Void Ray x2 (Chrono Boost), Observer  
  103  12:17  Nexus  
  103  12:18  Shield Battery, Void Ray (Chrono Boost)  
  103  12:20  Sentry  
  103  12:21  Shield Battery  
  111  12:24  Void Ray (Chrono Boost)  
  111  12:26  Void Ray (Chrono Boost)  
  111  12:27  Shield Battery  
  111  12:29  Shield Battery x2  
  107  12:30  Pylon  
  107  12:36  Pylon  
  111  12:40  Carrier (Chrono Boost)  
  117  12:53  Carrier (Chrono Boost)  
  117  12:54  Nexus  
  123  13:00  Sentry  
  125  13:07  Carrier (Chrono Boost)  
  130  13:14  Observer  
  130  13:18  Protoss Air Weapons Level 3  
  131  13:34  Photon Cannon x2  
  137  13:37  Carrier (Chrono Boost)  
  137  13:39  Photon Cannon  
  137  13:41  Zealot  
  137  13:43  Zealot  
  141  13:54  Carrier (Chrono Boost)  
  141  14:02  Void Ray (Chrono Boost)  
  141  14:03  Void Ray (Chrono Boost)  
  133  14:13  Stalker  
  124  14:27  Adept  
  124  14:30  Probe  
  125  14:35  Void Ray (Chrono Boost)  
  125  14:38  Sentry  
  131  14:41  Observer  
  131  14:42  Probe  
  131  14:44  Probe x3  
  136  14:54  Probe  
  136  14:56  Void Ray (Chrono Boost)  
  136  14:58  Probe  
  142  15:00  Probe  
  142  15:02  Observer  
  142  15:03  Probe  
  145  15:08  Sentry  
  147  15:16  Void Ray (Chrono Boost)  
  143  15:22  Psionic Storm  
  143  15:23  Void Ray (Chrono Boost)  
  151  15:35  High Templar, Void Ray (Chrono Boost)  
  151  15:36  High Templar  
  151  15:41  Void Ray (Chrono Boost)  
  163  16:02  Nexus  
  163  16:05  Carrier (Chrono Boost)  
  169  16:23  Observer, Carrier (Chrono Boost)  
  176  16:37  Pylon  
  178  16:45  Carrier (Chrono Boost)  
  174  16:59  Shield Battery, Carrier (Chrono Boost)  
  174  17:01  Shield Battery  
  180  17:03  Pylon  
  180  17:04  High Templar  
  182  17:12  High Templar, Archon  
  184  17:28  Shield Battery  
  184  17:32  Shield Battery  
  184  17:34  Photon Cannon  
  184  17:35  Photon Cannon  
  184  17:38  High Templar, Photon Cannon  
  184  17:40  Shield Battery  
  174  17:46  Carrier (Chrono Boost)  
  174  17:50  Void Ray (Chrono Boost)  
  176  17:51  Protoss Air Armor Level 1  
  176  17:57  Void Ray (Chrono Boost)  
  184  18:10  Shield Battery  
  184  18:11  Zealot  
  184  18:12  Observer  
  187  18:20  High Templar  
  187  18:25  Shield Battery  
  187  18:27  Shield Battery  
  187  18:29  Shield Battery  
  179  18:44  Void Ray x2 (Chrono Boost)  
  151  18:52  Void Ray (Chrono Boost)  
  147  19:10  Void Ray (Chrono Boost)  
  147  19:18  Void Ray (Chrono Boost)  
  147  19:29  Zealot  
  149  19:42  Void Ray (Chrono Boost)  
  149  19:48  Nexus, Pylon  
  149  19:51  Assimilator  
  149  19:52  Assimilator  
  147  19:54  Void Ray (Chrono Boost)  
  131  20:08  Void Ray (Chrono Boost)  
  131  20:10  Photon Cannon  
  131  20:11  Shield Battery  
  131  20:12  Photon Cannon  
  131  20:13  Shield Battery  
  131  20:14  Photon Cannon  
  131  20:15  Photon Cannon x2  
  131  20:19  Void Ray (Chrono Boost)  
  135  20:24  Zealot  
  135  20:26  Void Ray (Chrono Boost)  
  141  20:38  Void Ray (Chrono Boost)  
  145  20:56  Nexus  
  145  20:57  Void Ray (Chrono Boost)  
  149  21:07  Pylon  
  149  21:10  Assimilator  
  153  21:12  Assimilator  
  153  21:13  Void Ray (Chrono Boost)  
  153  21:15  Pylon  
  153  21:16  Pylon  
  153  21:23  Zealot  
  153  21:25  Void Ray (Chrono Boost), Gateway  
  155  21:26  Charge  
  155  21:28  Gateway  
  155  21:30  Gateway  
  159  21:34  Photon Cannon  
  159  21:36  Void Ray (Chrono Boost), Photon Cannon  
  159  21:38  Photon Cannon  
  159  21:42  Photon Cannon  
  159  21:45  Shield Battery, Photon Cannon  
  159  21:47  Shield Battery  
  159  21:56  Void Ray (Chrono Boost)  
  159  21:59  Probe x3  
  159  22:00  Probe x2  
  168  22:11  Probe x3  
  171  22:18  Zealot  
  173  22:25  Carrier (Chrono Boost)  
  176  22:31  Photon Cannon  
  176  22:32  Photon Cannon  
  176  22:35  Photon Cannon  
  176  22:37  Shield Battery  
  176  22:38  Shield Battery  
  176  22:42  Carrier (Chrono Boost)  
  188  22:51  Probe  
  188  22:54  Carrier (Chrono Boost)  
  189  23:01  Observer, Pylon  
  190  23:14  Carrier (Chrono Boost)  
  192  23:31  High Templar x2  
  192  23:33  Nexus, Pylon  
  184  23:42  Carrier (Chrono Boost)  
  190  23:55  Zealot x2  
  194  23:56  Pylon  
  194  23:57  Pylon  
  194  23:59  Nexus  
  194  24:03  Zealot  
  194  24:04  Zealot  
  194  24:07  Pylon, Protoss Air Armor Level 2 (Chrono Boost)  
  193  24:19  Carrier  
  194  24:40  Assimilator, Nexus  
  194  24:45  Assimilator, Dark Shrine  
  194  24:48  Photon Cannon  
  194  24:49  Shield Battery  
  194  24:50  Shield Battery, Photon Cannon  
  194  24:52  Shield Battery, Photon Cannon  
  194  24:53  Photon Cannon  
  194  24:55  Shield Battery  
  194  24:56  Photon Cannon  
  194  24:57  Shield Battery  
  194  25:03  Void Ray (Chrono Boost)  
  187  25:11  Void Ray x2 (Chrono Boost)  
  198  25:17  Void Ray (Chrono Boost)  
  196  25:37  Void Ray (Chrono Boost)  
  196  25:42  Void Ray x2 (Chrono Boost)  
  194  26:01  Void Ray  
  198  26:16  Photon Cannon  
  198  26:19  Shield Battery  
  199  26:25  Observer  
  199  26:33  Assimilator  
  199  26:46  Fleet Beacon  
  200  26:47  Observer  
  200  26:49  Stargate  
  200  26:50  Gateway x2  
  200  26:53  Gateway x2  
  195  27:24  Observer  
  164  27:45  Carrier x4  
  164  27:46  Observer  
  180  27:53  Void Ray  
  164  28:04  Zealot  
  164  28:05  Zealot x7  
  176  28:30  Void Ray  
  176  28:40  High Templar  
  182  28:44  Zealot x6  
  182  28:45  Zealot  
Show
View Real Time Build Order
Export as new Build Order

GogojOey Zerg 

Build Orders: Pool First 

Get SALT Encoding   

  12  0:00  Drone  
  13  0:12  Overlord  
  13  0:17  Drone  
  14  0:30  Drone x2  
  16  0:35  Drone  
  17  0:43  Extractor  
  17  0:45  Drone  
  17  0:49  Spawning Pool  
  16  0:55  Drone  
  17  1:07  Drone  
  18  1:24  Drone  
  19  1:26  Hatchery  
  18  1:36  Drone  
  18  1:37  Queen  
  21  1:41  Zergling x2  
  22  1:47  Metabolic Boost  
  22  1:54  Overlord  
  22  2:12  Drone x2  
  22  2:14  Queen  
  26  2:29  Zergling x2  
  27  2:38  Drone  
  27  2:40  Queen  
  27  2:41  Zergling x2  
  31  2:49  Drone  
  31  2:50  Overlord  
  32  2:52  Drone  
  32  2:54  Drone  
  33  3:09  Hatchery  
  33  3:10  Drone  
  32  3:13  Spore Crawler  
  32  3:20  Drone  
  32  3:21  Drone x3  
  32  3:25  Drone  
  32  3:26  Drone  
  38  3:33  Drone, Roach Warren  
  38  3:39  Queen  
  40  3:43  Zergling x2  
  40  3:46  Extractor  
  40  3:48  Overlord  
  40  3:51  Overlord  
  40  3:56  Overlord  
  40  4:02  Overlord  
  40  4:07  Zergling x6  
  43  4:10  Drone x2  
  45  4:18  Zergling x2  
  45  4:21  Roach x4  
  45  4:24  Roach  
  56  4:26  Zergling x2  
  56  4:27  Zergling x2  
  59  4:31  Zergling x4  
  59  4:34  Zergling x2  
  59  4:41  Drone x2  
  59  4:44  Drone x2  
  61  4:47  Drone  
  61  4:49  Drone  
  61  4:50  Drone  
  63  4:54  Drone  
  63  4:55  Drone  
  63  4:56  Ravager  
  63  4:57  Ravager  
  67  5:03  Queen  
  69  5:09  Spore Crawler  
  68  5:18  Overlord  
  68  5:19  Drone x2  
  68  5:20  Drone x2  
  72  5:22  Drone  
  73  5:34  Drone, Queen  
  73  5:35  Spore Crawler x2  
  74  5:44  Overlord x2  
  74  5:45  Drone  
  74  5:46  Drone x2  
  77  5:56  Overlord x2  
  77  6:01  Lair  
  77  6:07  Overlord  
  77  6:12  Queen  
  79  6:19  Overlord  
  79  6:20  Drone x12  
  79  6:21  Drone  
  92  6:28  Drone  
  92  6:29  Spore Crawler  
  92  6:33  Drone x2  
  92  6:34  Drone, Extractor  
  94  6:41  Spore Crawler  
  94  6:44  Drone x5, Extractor  
  94  6:45  Drone x2, Extractor  
  98  7:03  Spire  
  98  7:04  Hatchery  
  98  7:07  Overlord  
  96  7:11  Zergling x4  
  96  7:13  Overlord x2  
  98  7:16  Overlord x3  
  98  7:17  Queen  
  93  7:43  Drone  
  93  7:44  Drone  
  87  7:54  Overlord  
  87  7:56  Drone x2  
  87  7:57  Overlord x2  
  89  8:05  Drone x2  
  91  8:09  Glial Reconstitution  
  90  8:12  Evolution Chamber  
  90  8:17  Extractor, Corruptor x14  
  114  8:22  Extractor  
  114  8:25  Drone x3  
  114  8:26  Drone x4  
  120  8:33  Zerg Flyer Weapons Level 1  
  120  8:34  Corruptor  
  120  8:39  Corruptor  
  120  8:41  Queen  
  124  8:43  Zergling x6  
  124  8:47  Corruptor  
  127  9:03  Corruptor x3  
  127  9:05  Drone  
  127  9:06  Drone x5  
  127  9:08  Zerg Melee Weapons Level 1  
  139  9:16  Roach  
  139  9:17  Roach x2, Zergling x2  
  145  9:18  Zergling x4  
  145  9:19  Drone x4  
  145  9:21  Drone  
  153  9:24  Corruptor  
  153  9:29  Queen  
  157  9:35  Corruptor x2  
  161  9:39  Infestation Pit  
  160  9:50  Corruptor x2  
  160  9:52  Hatchery  
  163  9:56  Ravager x3  
  163  9:57  Zergling x14  
  173  10:09  Roach, Overlord  
  173  10:11  Corruptor x2  
  179  10:17  Spore Crawler x2  
  177  10:22  Drone x3  
  177  10:25  Overlord x2  
  177  10:27  Corruptor x3  
  186  10:39  Corruptor x3  
  192  10:49  Zerg Flyer Weapons Level 2  
  192  10:54  Corruptor  
  152  11:15  Corruptor x4  
  152  11:20  Corruptor  
  152  11:22  Zergling x38  
  173  11:29  Corruptor  
  173  11:31  Zergling x8  
  173  11:44  Corruptor x3  
  167  11:51  Corruptor  
  161  11:56  Queen x2  
  149  12:05  Corruptor x3  
  152  12:09  Corruptor  
  152  12:11  Zergling x16  
  162  12:17  Corruptor x2  
  162  12:19  Zergling x8  
  162  12:21  Overseer  
  170  12:29  Roach  
  172  12:36  Corruptor x2  
  170  12:41  Roach x3  
  170  12:43  Corruptor  
  169  12:51  Hive, Extractor  
  169  12:52  Extractor  
  169  12:53  Zergling x22  
  169  12:54  Queen  
  180  13:00  Drone  
  180  13:02  Drone x4  
  180  13:03  Drone x2  
  187  13:09  Ravager x4  
  187  13:10  Zergling x10  
  196  13:15  Corruptor  
  196  13:16  Zergling x2  
  195  13:47  Corruptor  
  195  13:48  Corruptor x6  
  181  13:57  Corruptor  
  181  13:58  Corruptor  
  159  14:10  Corruptor x2  
  157  14:20  Corruptor x2  
  148  14:26  Corruptor  
  148  14:28  Zergling x18  
  148  14:29  Queen x5, Zergling x6  
  172  14:37  Drone  
  172  14:47  Viper  
  172  14:48  Viper  
  172  14:50  Corruptor  
  180  14:54  Zergling x14  
  187  15:02  Zerg Missile Weapons Level 1  
  187  15:04  Evolution Chamber  
  187  15:05  Queen  
  188  15:09  Hatchery  
  185  15:21  Spore Crawler  
  185  15:22  Spore Crawler x2  
  185  15:25  Corruptor  
  185  15:26  Corruptor x4  
  180  15:30  Zerg Flyer Weapons Level 3  
  180  16:03  Corruptor x7  
  188  16:05  Zergling x4, Hatchery  
  188  16:08  Roach x2  
  199  16:36  Extractor  
  198  16:40  Extractor  
  194  16:54  Viper x2  
  195  17:03  Drone x2  
  195  17:04  Drone  
  198  17:17  Drone  
  197  17:27  Spore Crawler x2  
  197  17:28  Spore Crawler  
  194  17:36  Corruptor x2  
  172  17:51  Corruptor x9  
  172  17:58  Zerg Missile Weapons Level 2  
  190  17:59  Zerg Ground Armor Level 1, Overseer  
  190  18:04  Drone x2  
  190  18:05  Drone x2  
  194  18:13  Corruptor  
  194  18:14  Corruptor  
  196  18:29  Spore Crawler x2  
  196  18:32  Spore Crawler  
  128  18:51  Corruptor x4  
  128  18:53  Roach x2, Zergling x24  
  128  19:03  Corruptor x4  
  128  19:04  Corruptor x4  
  128  19:05  Queen  
  128  19:07  Queen x3, Corruptor  
  128  19:08  Corruptor  
  144  19:10  Corruptor  
  144  19:11  Corruptor x2  
  144  19:15  Drone x3  
  144  19:16  Drone  
  149  19:21  Ravager x2  
  149  19:23  Corruptor  
  153  19:33  Corruptor x3  
  159  19:48  Corruptor x2  
  141  20:04  Corruptor x5  
  131  20:09  Corruptor, Hatchery  
  132  20:18  Corruptor x3  
  132  20:20  Corruptor  
  140  20:27  Corruptor x2  
  144  20:31  Corruptor  
  144  20:34  Corruptor  
  148  20:38  Corruptor  
  148  20:42  Corruptor  
  152  20:47  Viper  
  155  20:52  Viper  
  155  20:55  Zergling x16  
  166  21:15  Drone x6  
  166  21:17  Viper  
  175  21:30  Drone x2  
  175  21:31  Drone x5  
  175  21:32  Drone  
  183  21:37  Ultralisk Cavern, Drone  
  182  21:42  Zergling x18  
  182  21:44  Extractor  
  182  21:46  Drone x3  
  192  21:53  Extractor  
  191  21:55  Queen  
  191  21:57  Drone x2  
  191  21:58  Drone x2  
  191  21:59  Zergling x2  
  191  22:00  Zergling x2  
  197  22:18  Spore Crawler  
  197  22:20  Spore Crawler  
  197  22:22  Spore Crawler x2  
  187  22:23  Spore Crawler  
  171  22:39  Extractor  
  171  22:41  Extractor  
  163  22:44  Chitinous Plating, Zerg Flyer Armor Level 1  
  163  22:46  Zerg Melee Weapons Level 2, Zerg Ground Armor Level 2  
  162  23:02  Spore Crawler x2  
  162  23:03  Spore Crawler x2  
  158  23:13  Zergling x14, Ultralisk x2  
  158  23:14  Zergling x26  
  158  23:16  Zergling x10  
  158  23:18  Overseer  
  158  23:19  Hatchery  
  193  23:31  Zergling x2, Ultralisk  
  199  23:41  Zergling x2  
  199  23:44  Overseer  
  200  24:03  Anabolic Synthesis  
  200  24:04  Spore Crawler  
  200  24:05  Spore Crawler x2  
  200  24:06  Spore Crawler x2  
  200  24:09  Ultralisk  
  189  24:19  Zergling x16  
  184  24:35  Drone x2  
  186  24:42  Drone x9  
  186  24:43  Spore Crawler  
  186  24:45  Spore Crawler  
  193  24:46  Spore Crawler x2  
  193  24:50  Corruptor x4  
  199  24:54  Spore Crawler  
  194  25:18  Corruptor x3  
  188  25:37  Overlord  
  188  25:38  Overlord x2  
  188  25:39  Spire  
  182  25:52  Spore Crawler  
  182  25:53  Spore Crawler x2  
  179  25:57  Lair  
  179  26:01  Zergling x6  
  179  26:03  Overlord x2  
  179  26:04  Overlord  
  181  26:38  Drone x2  
  183  26:53  Spawning Pool  
  182  26:55  Ultralisk x2  
  182  26:57  Corruptor x3  
  138  27:55  Corruptor  
  138  27:56  Corruptor x8  
  114  28:10  Corruptor  
  116  28:19  Corruptor  
  115  28:21  Zergling x18  
  115  28:24  Extractor  
  115  28:25  Queen, Extractor  
  126  28:28  Spire  
  126  28:30  Queen x2, Zergling x4  
  125  28:42  Zergling x2  
  125  28:43  Zergling x6  
  126  28:49  Zergling x6  

Tags
 
Add a new tag
Caveats
  • Supply blocks, unpowered buildings, or Contaminate may cause inaccurate times.
  • Supply counts are checked every 10 seconds.